 Dungeon Crawl Stone Soup version 0.30-a0-743-gbfdf073 (webtiles) character file.

Game seed: 8348311355949979018

292 Roroshan the Poker (level 6, -4/53 HPs)
             Began as a Gnoll Cinder Acolyte on Feb 7, 2023.
             Was a High Priest of Ignis.
             Slain by a gnoll
             ... wielding a +0 spear
              (7 damage)
             ... on level 3 of the Dungeon.
             The game lasted 00:12:05 (2390 turns).

Roroshan the Poker (Gnoll Cinder Acolyte)           Turns: 2390, Time: 00:12:06

Health: -4/53      AC:  8    Str: 13    XL:     6   Next: 33%
Magic:  11/11      EV:  6    Int: 15    God:    Ignis [*****.]
Gold:   119        SH:  0    Dex: 14    Spells: 11/11 levels left

rFire   + . .      SeeInvis .    n - +2 mace (drain)
rCold   . . .      Faith    .    (no shield)
rNeg    . . .      Spirit   .    h - +0 chain mail
rPois   .          Reflect  .    (no helmet)
rElec   .          Harm     .    (no cloak)
rCorr   .          Rampage  .    (no gloves)
Will    .....                    (no boots) Stlth
                                 (no amulet)
HPRegen 0.28/turn                d - +6 ring of dexterity
MPRegen 0.12/turn                (no ring)

@: no status effects
A: fangs 1, strong nose, distributed training
a: Renounce Religion, Fiery Armour, Foxfire Swarm, Rising Flame


You were on level 3 of the Dungeon.
You worshipped Ignis.
Ignis was extremely pleased with you.
You visited 1 branch of the dungeon, and saw 3 of its levels.
You also visited: Sewer.

You collected 119 gold pieces.

Inventory:

Hand Weapons
 a - a -1 spear of flaming
 g - a +0 sling
 l - a +0 trident
 n - a +2 mace of draining (weapon)
 B - a +0 spear
Missiles
 y - 4 boomerangs
Armour
 b - a +1 robe
 h - a +0 chain mail (worn)
 A - a +3 leather armour
Magical Staves
 v - a staff of cold
Jewellery
 d - a +6 ring of dexterity (left hand)
Scrolls
 c - a scroll of identify
 j - 2 scrolls of vulnerability
 q - 3 scrolls of immolation
 s - 2 scrolls of teleportation {unknown}
 t - a scroll of enchant armour
 w - a scroll of fear {unknown}
Potions
 e - a potion of lignification {unknown}
 f - a potion of ambrosia {unknown}
 i - 2 potions of invisibility {unknown}
 k - 2 potions of haste {unknown}
 m - 3 potions of flight {unknown}
 o - 2 potions of heal wounds {unknown}
 r - 3 potions of might {unknown}
 u - 3 potions of brilliance {unknown}
 x - 2 potions of magic {unknown}
 z - a potion of mutation {unknown}


   Skills:
 + Level 6.8 Fighting
 + Level 2.0 Short Blades
 + Level 2.0 Long Blades
 + Level 2.0 Axes
 + Level 2.0 Maces & Flails
 + Level 6.8 Polearms
 + Level 2.0 Staves
 + Level 2.0 Ranged Weapons
 + Level 2.0 Throwing
 + Level 2.0 Armour
 + Level 2.0 Dodging
 + Level 2.0 Stealth
 + Level 2.0 Shields
 + Level 2.0 Unarmed Combat
 + Level 3.4 Spellcasting
 + Level 1.5 Conjurations
 + Level 1.5 Hexes
 + Level 1.5 Summonings
 + Level 1.5 Necromancy
 + Level 1.5 Translocations
 + Level 1.5 Transmutations
 + Level 5.6 Fire Magic
 + Level 1.5 Ice Magic
 + Level 1.5 Air Magic
 + Level 1.5 Earth Magic
 + Level 1.5 Poison Magic
 + Level 2.2 Invocations
 + Level 2.0 Evocations


You had 11 spell levels left.
You didn't know any spells.
Your spell library contained the following spells:

 Spells                   Type           Power      Damage    Failure   Level
 Scorch                   Fire           38%        2d6       67%         2
 Lesser Beckoning         Tloc           14%        N/A       99%         2
 Gell's Gravitas          Tloc           7%         N/A       100%        3
 Teleport Other           Tloc           7%         N/A       100%        3
 Vhi's Electric Charge    Tloc/Air       14%        N/A       100%        3
 Arcjolt                  Conj/Air       3%         1d13      100%        5
 Maxwell's Capacitive Co  Air            3%         ∞         100%        8


Dungeon Overview and Level Annotations

Branches:
Dungeon (3/15)              Sewer (visited)

Altars:

Shops:
D:2 (


Innate Abilities, Weirdness & Mutations

You have very sharp teeth.
Your uncanny sense of smell can sniff out nearby items.
Your experience applies equally to all skills.


Message History

The gnoll hits you from afar with a +0 spear.
You thump the gnoll! You drain the gnoll.
You kill the gnoll!
Your giant cockroach dissolves into shadows!
The gnoll hits you but does no damage. The gnoll barely misses you.
The gnoll closely misses you.
You hit the gnoll but do no damage. You bite the gnoll.
The gnoll is severely wounded.
The gnoll hits you but does no damage.
The gnoll hits you with a +2 whip of electrocution.
You hit the gnoll. You drain the gnoll.
You kill the gnoll!
The gnoll hits you from afar with a +0 spear.
You closely miss the kobold. You bite the kobold, but do no damage.
The gnoll barely misses you. The kobold hits you but does no damage.
You closely miss the kobold. The kobold hits you but does no damage.
The gnoll hits you but does no damage.
The gnoll hits you from afar with a +0 spear.
The kobold hits you with a +0 quarterstaff.
You hit the kobold.
The kobold is moderately wounded.
The gnoll barely misses you. The kobold hits you but does no damage.
You thump the kobold!
You kill the kobold!
The gnoll hits you from afar with a +0 spear.
* * * LOW HITPOINT WARNING * * *
The gnoll closely misses you. The orc hits you with a +0 whip.
* * * LOW HITPOINT WARNING * * *
Items here: $ ( ))) ? ††.
You hit the gnoll.
The gnoll is severely wounded.
The gnoll hits you but does no damage. The orc closely misses you.
The orc hits you with a +0 whip.
* * * LOW HITPOINT WARNING * * *
The gnoll hits you with a +0 spear.
* * * LOW HITPOINT WARNING * * *
You closely miss the gnoll.
The gnoll is severely wounded.
The gnoll hits you with a +0 spear!
You die...

#.# #.# ####
.... #.# #.#
.... #.# #.#
#.. #.# #.#
#.# #.# #.#
#.# #### #.#
#.# ... #.#
#>####.#####
#.#
#...)@g....#
#.#
######o......
#.# ∆ ......#
#.# ......#
#.# .......
### .....## ∆
####.# .. ∆


You could see a gnoll and an orc.

Vanquished Creatures
  Pargi (Sewer)
  Terence (D:2)
  7 gnolls (D:3)
  2 adders
  2 worms (D:2)
  4 dart slugs
  3 orcs (D:3)
  4 ball pythons
  4 endoplasms
  2 giant cockroaches
  8 goblins
  4 hobgoblins
  6 jackals (D:1)
  2 quokkas
  3 bats (D:1)
  8 frilled lizards
  8 kobolds
  7 rats
76 creatures vanquished.

Notes
Turn   | Place    | Note
-------+----------+-------------------------------------------
     0 | D:1      | Roroshan the Gnoll Cinder Acolyte began the quest for the
                  | Orb.
     0 | D:1      | Reached XP level 1. HP: 23/23 MP: 4/4
   133 | D:1      | Reached XP level 2. HP: 25/29 MP: 5/5
   307 | D:1      | Reached XP level 3. HP: 32/35 MP: 7/7
   915 | D:2      | Reached skill level 1 in Invocations
   985 | D:2      | Noticed Terence
   994 | D:2      | Killed Terence
   995 | D:2      | Reached skill level 1 in Short Blades
   995 | D:2      | Reached skill level 1 in Long Blades
   995 | D:2      | Reached skill level 1 in Axes
   995 | D:2      | Reached skill level 1 in Maces & Flails
   995 | D:2      | Reached skill level 1 in Staves
   995 | D:2      | Reached skill level 1 in Ranged Weapons
   995 | D:2      | Reached skill level 1 in Throwing
   995 | D:2      | Reached skill level 1 in Armour
   995 | D:2      | Reached skill level 1 in Dodging
   995 | D:2      | Reached skill level 1 in Stealth
   995 | D:2      | Reached skill level 1 in Shields
   995 | D:2      | Reached skill level 1 in Unarmed Combat
   995 | D:2      | Reached skill level 1 in Evocations
   995 | D:2      | Reached XP level 4. HP: 10/41 MP: 8/8
  1391 | D:2      | Found Pumew's Weapon Emporium.
  1428 | D:2      | Reached skill level 1 in Conjurations
  1428 | D:2      | Reached skill level 1 in Hexes
  1428 | D:2      | Reached skill level 1 in Summonings
  1428 | D:2      | Reached skill level 1 in Necromancy
  1428 | D:2      | Reached skill level 1 in Translocations
  1428 | D:2      | Reached skill level 1 in Transmutations
  1428 | D:2      | Reached skill level 1 in Ice Magic
  1428 | D:2      | Reached skill level 1 in Air Magic
  1428 | D:2      | Reached skill level 1 in Earth Magic
  1428 | D:2      | Reached skill level 1 in Poison Magic
  1471 | D:2      | Found a faded altar of an unknown god.
  1841 | D:3      | Found a glowing drain.
  1899 | Sewer    | Entered a sewer
  1933 | Sewer    | Noticed Pargi
  1942 | Sewer    | Killed Pargi
  1943 | Sewer    | Reached XP level 5. HP: 30/47 MP: 9/9
  2161 | D:3      | Reached XP level 6. HP: 25/53 MP: 11/11
  2390 | D:3      | Slain by a gnoll

Illustrated notes

Levels and vault maps discovered:
D:1:      dpeg_arrival_pond, layout_basic, st_stairs_4, feat_on_display
D:2:      layout_loops_corners, serial_shops, nicolae_shop_behind_doors,
          ebering_ecumenical_altar_webs, uniq_terence
D:3:      layout_loops_ring, mainiacjoe_overflow_brackets, serial_shops,
          nicolae_shop_behind_doors, portal_sewer_entry_a, dk_vineyard_1,
          hangedman_abyss_or_decor_lesser_grid, uniq_crazy_yiuf_cottage

Skill      XL: |  1  2  3  4  5  6 |
---------------+-------------------+-----
Invocations    | 1 2 |  2.2
Short Blades   | 1 2 |  2.0
Long Blades    | 1 2 |  2.0
Axes           | 1 2 |  2.0
Maces & Flails | 1 2 |  2.0
Staves         | 1 2 |  2.0
Ranged Weapons | 1 2 |  2.0
Throwing       | 1 2 |  2.0
Armour         | 1 2 |  2.0
Dodging        | 1 2 |  2.0
Stealth        | 1 2 |  2.0
Shields        | 1 2 |  2.0
Unarmed Combat | 1 2 |  2.0
Evocations     | 1 2 |  2.0
Spellcasting   | 3 |  3.4
Conjurations   | 1 |  1.5
Hexes          | 1 |  1.5
Summonings     | 1 |  1.5
Necromancy     | 1 |  1.5
Translocations | 1 |  1.5
Transmutations | 1 |  1.5
Ice Magic      | 1 |  1.5
Air Magic      | 1 |  1.5
Earth Magic    | 1 |  1.5
Poison Magic   | 1 |  1.5
Fighting       | |  6.8
Polearms       | |  6.8
Fire Magic     | |  5.6

Action                     |  1- 3 |  4- 6 || total
---------------------------+-------+-------++-------
  Melee: Spear             |    70 |    22 ||    92
         Bite              |     6 |    10 ||    16
         Punch             |     1 |     1 ||     2
         Mace              |       |   110 ||   110
         Staff             |       |    19 ||    19
   Fire: Sling             |     3 |       ||     3
 Invoke: Fiery Armour      |     2 |     1 ||     3
    Use: Scroll            |     3 |     3 ||     6
   Stab: Distracted        |     1 |       ||     1
         Sleeping          |     1 |       ||     1
 Armour: Robe              |     8 |       ||     8
         Chain mail        |     7 |   109 ||   116
  Dodge: Dodged            |    22 |    52 ||    74

Table legend: (Time is in decaauts)
 A = Elapsed time spent in this place.
 B = Non-inter-level travel time spent in this place.
 C = Inter-level travel time spent in this place.
 D = Time resting spent in this place.
 E = Time spent auto-exploring this place.
 F = Levels seen in this place.
 G = Mean time per level.
                   A        B        C        D        E       F      G
               +--------+--------+--------+--------+--------+-----+--------+
         Total |   2421 |    810 |   1611 |    243 |      0 |   4 |  605.2 |
       Dungeon |   2315 |    704 |   1611 |    243 |      0 |   3 |  771.7 |
         Sewer |    106 |    106 |      0 |      0 |      0 |   1 |  106.0 |
               +--------+--------+--------+--------+--------+-----+--------+

Top non-repeatable levels by time:
     D:2: 882 daAuts
     D:1: 875 daAuts
     D:3: 556 daAuts
   Sewer: 106 daAuts
